 Dungeon Crawl Stone Soup version 0.25-a0-404-gc1b5a34292 (webtiles) character file.

Game seed: 10228524172889553559, levelgen mode: deterministic

40 kae the Gusty (level 3, 0/23 HPs)
             Began as a Draconian Air Elementalist on Jan 10, 2020.
             Succumbed to a goblin's poison
             ... on level 2 of the Dungeon.
             The game lasted 00:02:00 (1452 turns).

kae the Gusty (Draconian Air Elementalist)          Turns: 1452, Time: 00:02:00

Health: 0/23       AC:  5    Str: 10    XL:     3   Next: 30%
Magic:  6/6        EV: 17    Int: 16    God:
Gold:   38         SH:  0    Dex: 16    Spells: 5/6 levels left

rFire    . . .     SeeInvis .   e - +0 long sword
rCold    . . .     Gourm    .   (no shield)
rNeg     . . .     Faith    .   (armour unavailable)
rPois    .         Spirit   .   (helmet restricted)
rElec    .         Reflect  .   (no cloak)
rCorr    .         Harm     .   (no gloves)
MR       .....                  (no boots)
Stlth    +++.......             (no amulet)
HPRegen  0.07/turn              (no ring)
MPRegen  0.10/turn              (no ring)

@: agile, lethally poisoned (0 -> -5), very slightly contaminated
A: unfitting armour, stinger 2, frail 1, cold-blooded, MP-powered wands, AC +5
a: no special abilities


You were on level 2 of the Dungeon.
You were not hungry.

You visited 1 branch of the dungeon, and saw 2 of its levels.

You collected 38 gold pieces.

Inventory:

Hand Weapons
 e - a +0 long sword (weapon)
Jewellery
 h - an uncursed ring of protection from fire {unknown}
Comestibles
 b - 3 rations


   Skills:
 - Level 1.7 Dodging
 - Level 1.7 Stealth
 + Level 2.4 Spellcasting
 + Level 1.7 Conjurations
 * Level 3.8 Air Magic


You had 5 spell levels left.
You knew the following spells:

 Your Spells              Type           Power        Failure   Level  Hunger
a - Shock                 Conj/Air       ##..         6%          1    #......

Your spell library contained the following spells:

 Spells                   Type           Power        Failure   Level  Hunger
 Swiftness                Chrm/Air       #.......     14%         2    ###....
 Static Discharge         Conj/Air       ##......     19%         3    ###....
 Airstrike                Air            ##........   38%         4    #####..
 Lightning Bolt           Conj/Air       ##........   87%         5    ######.


Dungeon Overview and Level Annotations

Branches:
Dungeon (2/15)

Altars:
Ashenzari


Innate Abilities, Weirdness & Mutations

Your plain brown scales are hard. (AC +5)
You cannot fit into any form of body armour.
You are cold-blooded and may be slowed by cold attacks.
Your tail ends in a sharp poisonous barb.
You are frail. (-10% HP)
You expend magic power (3 MP) to strengthen your wands.


Message History

You are very lightly contaminated with residual magic.
As you read the scroll labeled XUELIVU USEH, it crumbles to dust.
It was a scroll of blinking.
* * * LOW HITPOINT WARNING * * *
You feel sick.
* * * LOW HITPOINT WARNING * * *
You feel sick.
* * * LOW HITPOINT WARNING * * *
You feel sick.
* * * LOW HITPOINT WARNING * * *
You feel sick.
You aren't carrying any potions.
There is a lethal amount of poison in your body!
You aren't carrying any scrolls.
Unknown command.
* * * LOW HITPOINT WARNING * * *
You feel sick.
* * * LOW HITPOINT WARNING * * *
You feel sick.
You die...

,,,,**,,,,,,,,,***,******,#.'##..
******,,,,,,,,,,,,,,,,,..,#...(gK
*,,,.,,,,,,,..,,,...,#...#.†
*,,,..,,,,,,,.,,..####...### ***
****#..,,****.##..#⌠.##'.#.⌠
,,*******#...,* *....,#.......g(
,,,,,,,,,.....#####.#####....g..#
,,,,,,,,,...........#...........#
,,,,,,,,,.......@...#...+..._...+
,,,,,,,,,...........#...#........
*********#...........##.#.......#
##########....#.........
##...#⌠.##'##.⌠ ##..####....#.
##########.....#...#..
#...........#......#..
#...........##..####.#


There were no monsters in sight!

Vanquished Creatures
  An adder (D:2)
  A worm (D:2)
  A dart slug (D:2)
  2 leopard geckos
  3 giant cockroaches
  3 goblins
  3 kobolds (D:1)
  5 bats
  4 frilled lizards
  3 rats (D:1)
26 creatures vanquished.

Notes
Turn   | Place    | Note
-------+----------+-------------------------------------------
     0 | D:1      | kae the Draconian Air Elementalist began the quest for the
                  | Orb.
     0 | D:1      | Reached XP level 1. HP: 14/14 MP: 3/3
   293 | D:1      | You fall into a shaft and drop 1 floor!
   333 | D:2      | Reached XP level 2. HP: 20/20 MP: 0/5
   409 | D:2      | Found a shattered altar of Ashenzari.
  1260 | D:2      | Reached XP level 3. HP: 13/26 MP: 0/6
  1438 | D:2      | Gained mutation: Your tail ends in a poisonous barb.
                  | [potion of mutation]
  1438 | D:2      | Gained mutation: You are frail. (-10% HP) [potion of
                  | mutation]
  1438 | D:2      | Gained mutation: Your tail ends in a sharp poisonous barb.
                  | [potion of mutation]
  1438 | D:2      | Gained mutation: You expend magic power (3 MP) to
                  | strengthen your wands. [potion of mutation]
  1450 | D:2      | HP: 1/23 [poisoned by a goblin]
  1452 | D:2      | Succumbed to a goblin's poison

Levels and vault maps discovered:
D:1:      eino_arrival_druids_welcome, layout_basic
D:2:      layout_basic, evilmike_ruin_ashenzari, nicolae_gozag_seed_capital

Action                   || total
-------------------------++-------
Melee: Unarmed           ||    70
       Tailslap          ||     2
       Long sword        ||    13
 Cast: Shock             ||    35
  Use: Scroll            ||     4
       Potion            ||     3
 Stab: Sleeping          ||     3
  Eat: Chunk             ||     2
Armor: Skin              ||    42
Dodge: Dodged            ||    76
       Rpst.: Long sword ||     5

Table legend:
 A = Non-vault XP
 B = Vault XP
 C = Vault XP percentage of total XP
 D = Non-vault monster count
 E = Vault monster count
 F = Vault count percentage of total count
                 A         B        C        D         E       F
            +---------+---------+-------+---------+---------+-------
      Total |      58 |       0 |   0.0 |      26 |       0 |   0.0
            +---------+---------+-------+---------+---------+-------
        D:1 |      20 |       0 |   0.0 |      13 |       0 |   0.0
        D:2 |      38 |       0 |   0.0 |      13 |       0 |   0.0
            +---------+---------+-------+---------+---------+-------
